 Dungeon Crawl Stone Soup version 0.29-a0-234-g0dae59b3db (webtiles) character file.

Game seed: 17903694059945068019

481851 testman the Slayer (level 23, -7/216 (238) HPs)
             Began as a Minotaur Hunter on Feb 28, 2022.
             Was the Champion of Zin.
             Mangled by a hell beast (12 damage)
             ... summoned by a dread lich
             ... while paralysed by a dread lich
             ... on level 4 of the Vaults on Mar 3, 2022.
             The game lasted 08:26:00 (75923 turns).

testman the Slayer (Minotaur Hunter)               Turns: 75923, Time: 08:26:01

HP:   -7/216 (238)  AC: 44    Str: 27    XL:     23   Next: 72%
MP:   33/34         EV:  2    Int: 13    God:    Zin [******]
Gold: 6723          SH:  0    Dex: 24    Spells: 13/24 levels left

rFire   + + +      SeeInvis +   O - +8 storm bow {elec, penet}
rCold   + + .      Faith    .   (shield currently unavailable)
rNeg    . . .      Spirit   .   E - +4 ice dragon scales
rPois   ∞          Reflect  +   K - +2 hat
rElec   .          Harm     .   t - +3 cloak of Repulsion {rF+++ Str+4 Dex-5 Slay+3}
rCorr   .          Rampage  .   e - +3 pair of gauntlets of War {Slay+5}
Will    +....                   G - +2 pair of boots {Fly}
Stlth   +.........              m - amulet of reflection
HPRegen 0.46/turn               v - ring of the Tortoise {AC+8}
MPRegen 0.24/turn               d - ring "Iwish" {Contam rF+ Dex+3 Slay+6 SInv}

@: paralysed, vitalised, flying, studying 2 skills, drained
A: horns 2, retaliatory headbutt
}: 2/15 runes: decaying, serpentine
a: Renounce Religion, Recite, Vitalisation, Imprison, Sanctuary, Donate Gold


You were on level 4 of the Vaults.
You worshipped Zin.
Zin was exalted by your worship.
You visited 9 branches of the dungeon, and saw 44 of its levels.
You visited the Abyss 1 time.
You also visited: Trove, Ossuary, Bailey, Gauntlet and Ice Cave.

You collected 7571 gold pieces.
You spent 509 gold pieces at shops.
You donated 339 gold pieces to Zin.

Inventory:

Hand Weapons
 l - the +7 longbow of Resourcefulness {freeze, rC+ Will+++ Int-2 Stlth+}
   (You acquired it on level 9 of the Dungeon)

   Any ammunition fired from it freezes those it strikes, dealing additional
   cold damage.
   It can also slow down cold-blooded creatures.
   Int:       It affects your intelligence (-2).
   rC:        It protects you from cold.
   Will:      It greatly increases your willpower.
   Stlth:     It makes you more stealthy.
 O - the +8 storm bow (weapon) {elec, penet}
   (You found it in a treasure trove)

   Any ammunition fired from it occasionally discharges a powerful burst of
   electricity upon striking a foe.
   Any ammunition fired by it passes through the targets it hits, potentially
   hitting all targets in its path until it reaches maximum range.
Missiles
 L - 8 boomerangs of dispersal
 X - a throwing net
Armour
 a - the +1 pair of gloves "Wiryalal" {rC+ rCorr SInv}
   (You found it in a Gauntlet)

   rC:        It protects you from cold.
   SInv:      It lets you see invisible.
   rCorr:     It protects you from acid and corrosion.
 e - the +3 pair of gauntlets of War (worn) {Slay+5}
   (You found it in an ice cave)

   Slay:      It affects your accuracy & damage with ranged weapons and melee
   (+5).
 t - the +3 cloak of Repulsion (worn) {rF+++ Str+4 Dex-5 Slay+3}
   (You found it in a Gauntlet)

   Str:       It affects your strength (+4).
   Dex:       It affects your dexterity (-5).
   Slay:      It affects your accuracy & damage with ranged weapons and melee
   (+3).
   rF:        It renders you almost immune to fire.
 B - the +0 pair of gloves "Byisuy" {rElec rN+}
   (You found it on level 15 of the Dungeon)

   rElec:     It insulates you from electricity.
   rN:        It protects you from negative energy.
 E - +4 ice dragon scales (worn)
 G - a +2 pair of boots of flying (worn)
 K - a +2 hat (worn)
Jewellery
 d - the ring "Iwish" (right hand) {Contam rF+ Dex+3 Slay+6 SInv}
   (You found it on level 4 of the Depths)

   [ring of protection from fire]

   Dex:       It affects your dexterity (+3).
   Slay:      It affects your accuracy & damage with ranged weapons and melee
   (+6).
   rF:        It protects you from fire.
   SInv:      It lets you see invisible.
   Contam:    It causes magical contamination when unequipped.
 m - an amulet of reflection (around neck)
 u - the ring of Nost {rF+ rC+ Int+6 Stlth+}
   (You found it in a treasure trove)

   [ring of intelligence]

   Int:       It affects your intelligence (+6).
   rF:        It protects you from fire.
   rC:        It protects you from cold.
   Stlth:     It makes you more stealthy.
 v - the ring of the Tortoise (left hand) {AC+8}
   (You took it off a deep elf zephyrmancer on level 3 of the Elven Halls)

   [ring of protection]

   AC:        It affects your AC (+8).
 W - the ring "Plog" {rF+ rN+ Str+2 SInv}
   (You found it in a treasure trove)

   [ring of protection from fire]

   Str:       It affects your strength (+2).
   rF:        It protects you from fire.
   rN:        It protects you from negative energy.
   SInv:      It lets you see invisible.
Wands
 k - a wand of iceblast (30)
 n - a wand of digging (15)
 o - a wand of flame (116)
 r - a wand of acid (28)
 F - a wand of charming (24)
 M - a wand of paralysis (20)
 Y - a wand of mindburst (10)
Scrolls
 c - 8 scrolls of fear
 g - 13 scrolls of immolation
 h - 17 scrolls of teleportation
 s - 3 scrolls of silence
 w - 4 scrolls of enchant weapon
 y - 5 scrolls of blinking
 C - a scroll of enchant armour
 D - 5 scrolls of summoning
 S - 3 scrolls of fog
 T - 5 scrolls of magic mapping
 V - 6 scrolls of holy word
Potions
 b - 7 potions of cancellation
 f - 4 potions of mutation
 j - 6 potions of heal wounds
 p - 17 potions of curing
 x - 6 potions of resistance
 z - 6 potions of might
 A - 7 potions of brilliance
 I - 5 potions of ambrosia
 J - 2 potions of magic
 P - 2 potions of invisibility
Miscellaneous
 i - a lightning rod (4/4)
 q - a phial of floods
 H - a phantom mirror
 N - a tin of tremorstones (2/2)


   Skills:
 + Level 26.7 Fighting
 + Level 25.1 Bows
 + Level 18.6 Armour
 + Level 16.0 Dodging
 - Level 0.7 Stealth
 - Level 1.0 Spellcasting
 - Level 4.0 Hexes
 - Level 9.0 Translocations
 + Level 16.1 Invocations
 - Level 7.0 Evocations


You had 13 spell levels left.
You knew the following spells:

 Your Spells              Type           Power      Damage    Failure   Level
a - Blink                 Tloc           48%        N/A       1%          2
b - Portal Projectile     Hex/Tloc       34%        N/A       11%         3
c - Passage of Golubria   Tloc           24%        N/A       12%         4
d - Apportation           Tloc           48%        N/A       1%          1
e - Slow                  Hex            44%        N/A       10%         1

Your spell library contained the following spells:

 Spells                   Type           Power      Damage    Failure   Level
 Lesser Beckoning         Tloc           24%        N/A       3%          3
 Confusing Touch          Hex            11%        N/A       28%         3
 Manifold Assault         Tloc           24%        N/A       34%         5
 Animate Skeleton         Necr           0%         N/A       45%         1
 Freeze                   Ice            0%         1d3       45%         1
 Magic Dart               Conj           0%         1d3       45%         1
 Pain                     Necr           0%         1d4       45%         1
 Sting                    Tmut/Pois      0%         1d3       45%         1
 Summon Small Mammal      Summ           0%         N/A       45%         1
 Inner Flame              Hex/Fire       5%         N/A       54%         3
 Summon Guardian Golem    Hex/Summ       5%         N/A       54%         3
 Call Imp                 Summ           0%         N/A       58%         2
 Corpse Rot               Necr/Air       0%         N/A       58%         2
 Passwall                 Tmut/Erth      0%         N/A       58%         2
 Poisonous Vapours        Pois/Air       0%         N/A       58%         2
 Searing Ray              Conj           0%         2d4       58%         2
 Iskenderun's Mystic Bla  Conj/Tloc      12%        2d5       61%         4
 Cause Fear               Hex            5%         N/A       67%         4
 Call Canine Familiar     Summ           0%         N/A       83%         3
 Conjure Flame            Conj/Fire      0%         6-21      83%         3
 Frozen Ramparts          Ice            0%         1d2       83%         3
 Ignite Poison            Fire/Tmut/Pois 0%         N/A       83%         3
 Mephitic Cloud           Conj/Pois/Air  0%         N/A       83%         3
 Ozocubu's Armour         Ice            0%         N/A       83%         3
 Vampiric Draining        Necr           0%         2d6       83%         3
 Fulminant Prism          Conj/Hex       2%         3d6       91%         4
 Leda's Liquefaction      Hex/Erth       2%         N/A       91%         4
 Summon Forest            Summ/Tloc      6%         N/A       91%         5
 Airstrike                Air            0%         N/A       99%         4
 Animate Armour           Summ/Erth      0%         N/A       99%         4
 Dispel Undead            Necr           0%         3d6       99%         4
 Hailstorm                Conj/Ice       0%         3d3       99%         4
 Ice Form                 Ice/Tmut       0%         N/A       99%         4
 Olgreb's Toxic Radiance  Pois           0%         N/A       99%         4
 Petrify                  Tmut/Erth      0%         N/A       99%         4
 Summon Lightning Spire   Summ/Air       0%         N/A       99%         4
 Silence                  Hex/Air        2%         N/A       99%         5
 Summon Mana Viper        Hex/Summ       5%         N/A       99%         5
 Blade Hands              Tmut           0%         N/A       100%        5
 Excruciating Wounds      Necr           0%         N/A       100%        5
 Fireball                 Conj/Fire      0%         3d3       100%        5
 Iskenderun's Battlesphe  Conj           0%         2d6       100%        5
 Lee's Rapid Deconstruct  Erth           0%         3d5*      100%        5
 Lightning Bolt           Conj/Air       0%         1d11      100%        5
 Conjure Ball Lightning   Conj/Air       0%         3x3d6     100%        6
 Iron Shot                Conj/Erth      0%         9d1       100%        6
 Starburst                Conj/Fire      0%         6d3       100%        6
 Statue Form              Tmut/Erth      0%         N/A       100%        6
 Summon Cactus Giant      Summ           0%         N/A       100%        6
 Dragon Form              Tmut           0%         N/A       100%        7
 Orb of Destruction       Conj           0%         9d5       100%        7
 Ozocubu's Refrigeration  Ice            0%         4d5       100%        7
 Spellforged Servitor     Conj/Summ      0%         N/A       100%        7
 Discord                  Hex            5%         N/A       100%        8
 Ignition                 Fire           0%         3d3       100%        8
 Lehudib's Crystal Spear  Conj/Erth      0%         10d2      100%        8
 Dragon's Call            Summ           0%         N/A       100%        9


Dungeon Overview and Level Annotations

Branches:
Dungeon (15/15)            Temple (1/1) D:4            Lair (6/6) D:8
  Swamp (4/4) Lair:2        Snake (4/4) Lair:4        Slime (0/5) Lair:5
    Orc (2/2) D:9             Elf (3/3) Orc:2        Vaults (5/5) D:14
  Crypt (0/3) Vaults:3     Depths (4/4) D:15            Zot (0/5) Depths:4
Ossuary (visited)          Bailey (visited)           IceCv (visited)
Gauntlet (visited)

Altars:
Ashenzari
Cheibriados
Dithmenos
Elyvilon
Fedhas
Gozag
Hepliaklqana
Kikubaaqudgha
Makhleb
Nemelex Xobeh
Okawaru
Qazlal
Ru
Sif Muna
Trog
Uskayaw
Vehumet
Wu Jian
Xom
Yredelemnul
Zin
The Shining One
Beogh
Ignis
Lugonu

Shops:
D:6 *   D:7 [   Orc:2 *([(=   Elf:2 (   Snake:3 =[?   Vaults:4 !

Portals:
Hell: Depths:1 Depths:2 Depths:3 Depths:4
Abyss: Lair:6 Depths:3 Depths:4
Pandemonium: Depths:1 Depths:2 Depths:4
Ziggurat: Depths:4

Annotations:
D:3 2 transporters
Elf:2 3 runed translucent doors
Vaults:2 Mennas


Innate Abilities, Weirdness & Mutations

You have a pair of horns on your head.
You reflexively headbutt those who attack you in melee.


Message History

The dread lich seems to speed up.
The reaper shouts, "I have come for you, testman!"
Shoot: O) +8 storm bow {elec, penet}
Press: ? - help, Q - select action, (/) - cycle Shift-Dir - straight line, f - dread lich
Aim: a dread lich (fast, 84% to hit)
You shoot an arrow.
The arrow pierces through the dread lich!!
The dread lich is lightly damaged.
The arrow pierces through the frost giant!!
The frost giant is moderately wounded.
The dread lich gestures at you while chanting.
You suddenly lose the ability to move!
The dread lich casts a spell.
The reaper hits you from afar with a +4 scythe of protection.
The reaper barely misses you.
The dread lich mumbles some strange words.
The reaper hits you from afar with a +4 scythe of protection.
The Brimstone Fiend calls on the powers of darkness!
The frost giant convulses!
Your body is wracked with pain!
You feel stable enough to blink again.
The reaper whispers, "Time's up, testman!"
The reaper hits you from afar with a +4 scythe of protection!!
The dread lich touches you but does no damage.
The frost giant casts a spell at you.
The bolt of cold hits the dread lich.
The dread lich resists.
The bolt of cold hits you. You resist.
The Brimstone Fiend calls on the powers of darkness!
The frost giant convulses!
Your body is wracked with pain!
* * * LOW HITPOINT WARNING * * *
The hell beast bites you but does no damage.
The hell beast tramples you but does no damage.
The dread lich touches you but does no damage.
The reaper hits you from afar with a +4 scythe of protection!
* * * LOW HITPOINT WARNING * * *
The frost giant points at you and mumbles some strange words.
The bolt of cold hits the dread lich.
The dread lich resists.
The bolt of cold hits you!! You resist.
* * * LOW HITPOINT WARNING * * *
The hell beast bites you!
You die...

#.......#...##
#.......#.>.[##
#.....[[[([...##
#......[##.[...##
#[#########.[<..##
.)...# ##..1..##
.....# ##.)C).#
.....# ##22L.#
.#...# ##.@.#
.#...# #####
.#.#.# [#)#.#
####.# .#...#
.#...# ###########
.....# #.........#
...>.# #.........#


You could see a dread lich (fast), a frost giant, a Brimstone Fiend (summoned),
a hell beast (summoned) and a reaper (summoned).

Vanquished Creatures
  A juggernaut (Depths:1)
  Sojobo (Depths:2)
  Saint Roka (Depths:2)
  Vashnia (Snake:4)
  A caustic shrike (Depths:3)
  2 golden dragons
  2 bone dragons
  The ghost of krigyl the Eclecticist, an adept HOWz of Sif Muna (Depths:2)
  Jorgrun (Snake:2)
  2 tentacled monstrosities
  2 walking earthen tomes
  2 liches
  2 deep elf master archers (Elf:3)
  2 walking frostbound tomes
  3 deep elf blademasters
  A titan (Depths:3)
  A tentacled starspawn (Abyss:3)
  Frances (D:13)
  2 shadow dragons
  The ghost of siradein the Grappler, an adept TrFi of Qazlal (Swamp:2)
  5 sphinxes
  2 storm dragons
  5 nagarajas (Snake:4)
  A draconian monk (Depths:3)
  Donald (Elf:1)
  Roxanne (Snake:4)
  6 tengu reavers
  The ghost of mcwallace the Convoker, an adept TeSu of Cheibriados (Swamp:2)
  A revenant (Vaults:3)
  A draconian knight (Depths:4)
  5 fire giants
  13 deep elf sorcerers
  5 frost giants
  An emperor scorpion (shapeshifter) (Depths:3)
  An angel (Abyss:3)
  5 spectral caustic shrikes (Depths:2)
  Aizul (Lair:4)
  2 orc warlords
  4 ghouls (Swamp:2)
  Louise (Snake:3)
  13 vault wardens
  The ghost of Qunad the Imperceptible, an adept SpEn of Vehumet (Swamp:2)
  A balrug (Depths:4)
  4 deep elf elementalists
  12 stone giants
  14 ironbound preservers
  5 ironbound thunderhulks
  14 very ugly things
  2 spriggan defenders
  A draconian shifter (Depths:4)
  A juggernaut zombie (Depths:3)
  The ghost of Wipuing the Fighter, a journeyman MiBe of Trog (D:12)
  4 vampire knights (Depths:3)
  A caustic shrike skeleton (Depths:3)
  3 eleionomae
  2 bunyips
  9 deep elf demonologists
  A red draconian (Depths:4)
  A minotaur (Gauntlet)
  A black draconian (Depths:4)
  2 green draconians (Depths:4)
  9 deep elf annihilators (Elf:3)
  3 white draconians
  23 dire elephants
  The ghost of HuGe the Bludgeoner, a journeyman MiBe of Trog (Swamp:2)
  3 entropy weavers
  4 spark wasps
  Azrael (D:15)
  A blizzard demon (Gauntlet)
  The ghost of mathmaestro the Grappler, a journeyman TrMo (Lair:1)
  Snorg (Orc:2)
  6 deep elf death magi
  A merfolk impaler (D:13)
  5 jiangshi
  7 ettins
  5 fire dragons
  7 yaktaur captains
  A deep elf high priest (Elf:3)
  10 great orbs of eyes
  35 vault guards
  A shambling mangrove (Swamp:4)
  2 rakshasas (Depths:3)
  5 salamander tyrants
  2 ghost crabs
  Erolcha (Orc:2)
  4 boulder beetles
  2 peacekeepers
  19 hydras
  12 ice dragons
  4 spriggan air magi
  8 anacondas
  7 alligators
  14 naga warriors
  15 ironbound frosthearts
  8 two-headed ogres
  23 centaur warriors
  3 death knights
  9 deep troll earth magi
  17 dancing weapons
  6 tengu warriors
  8 deep troll shamans
  3 orc high priests
  8 shock serpents
  12 hell knights
  A sun demon (Depths:4)
  6 thrashing horrors
  3 vampire magi
  6 spriggan berserkers
  30 naga sharpshooters
  8 deep elf knights
  8 iron trolls
  2 wretched stars (Abyss:3)
  4 skeletal warriors
  6 salamander mystics
  A spatial maelstrom (Abyss:3)
  44 deep trolls
  2 goliath frogs (Swamp:2)
  2 sea snakes (Snake:1)
  3 spriggan druids
  3 glowing orange brains
  7 swamp dragons (Swamp:3)
  3 flayed ghosts (Depths:3)
  6 bog bodies
  8 naga ritualists
  9 starcursed masses (Abyss:3)
  16 wizards
  11 necromancers
  An orange crystal statue (IceCv)
  18 ironbound convokers
  12 deep elf archers
  Pikel (D:4)
  17 orc knights
  2 lindwurms (Vaults:1)
  12 mana vipers
  2 phantasmal warriors
  25 deep elf zephyrmancers
  5 harpies (Vaults:1)
  24 deep elf pyromancers
  2 orc sorcerers
  2 worldbinders
  22 salamanders
  A faun (shapeshifter) (Depths:4)
  3 cyclopes
  A cyclops (shapeshifter) (Lair:6)
  51 ugly things
  A fire giant zombie (Vaults:2)
  5 manticores
  A manticore (shapeshifter) (Depths:2)
  2 will-o-the-wisps
  9 vault sentinels
  41 black mambas
  21 naga magi
  22 elephants
  An ice statue (Gauntlet)
  A water nymph (shapeshifter) (Depths:3)
  A black mamba (shapeshifter) (Lair:6)
  7 guardian serpents
  A torpor snail (shapeshifter) (Depths:3)
  5 smoke demons
  Maggie (D:8)
  A komodo dragon (shapeshifter) (Elf:3)
  9 cane toads
  An orange demon (Abyss:3)
  A demonic crawler (Elf:1)
  26 rime drakes
  10 komodo dragons
  24 yaktaurs
  5 kobold demonologists
  An unseen horror (D:10)
  6 freezing wraiths
  6 tengu conjurers
  4 hellwings (Abyss:3)
  10 trolls
  15 polar bears
  3 ancient zymes
  A queen bee (Lair:5)
  4 tyrant leeches
  2 yaktaur skeletons (Vaults:2)
  2 bloated husks (Swamp:1)
  6 meliai
  A wolf spider simulacrum (D:15)
  19 slime creatures
  7 hornets
  3 raiju (Abyss:3)
  A human simulacrum (Vaults:2)
  26 blink frogs
  A culicivora (shapeshifter) (Elf:2)
  5 spriggans
  2 wraiths
  2 air elementals (Abyss:3)
  A shadow (D:9)
  2 water elementals
  An ettin skeleton (Vaults:4)
  7 wyverns
  A vampire (D:13)
  49 yaks
  4 fire bats (D:10)
  5 ynoxinuls
  5 large abominations
  10 humans (D:14)
  4 chaos spawn
  6 vampire mosquitoes
  A basilisk (shapeshifter) (Lair:6)
  27 fire elementals
  3 steam dragons
  5 swamp worm simulacra (Swamp:4)
  7 basilisks
  5 redbacks
  An elf simulacrum (Vaults:2)
  3 spatial vortices (Abyss:3)
  54 nagas
  13 hydra simulacra (Swamp:4)
  9 wargs
  An ogre zombie (Vaults:4)
  2 acid dragons
  20 water moccasins
  Edmund (D:5)
  11 swamp worms
  5 hell hounds
  3 sky beasts
  3 swamp drakes
  50 orc warriors
  2 black bears (D:6)
  11 small abominations
  19 centaurs
  23 wolves
  9 ogres
  2 boggarts (Gauntlet)
  3 kobold brigands
  A necrophage (D:8)
  19 bullfrogs
  An earth elemental (Elf:3)
  A gnoll sergeant (D:9)
  A glowing shapeshifter simulacrum (Vaults:2)
  2 scorpions
  4 water moccasin zombies (Ossuary)
  12 wights
  44 killer bees
  7 electric eels
  A howler monkey (D:11)
  2 lava snakes (D:10)
  2 human zombies
  A quasit (Abyss:3)
  5 hounds
  2 jellies
  3 gnoll shamans
  33 orc priests
  An iron imp (Abyss:3)
  2 iguanas
  Ijyb (D:3)
  27 orc wizards
  2 mummies (Ossuary)
  7 adders
  26 gnolls
  A river rat (Lair:5)
  7 white imps
  An ufetubus (D:6)
  3 swamp drake simulacra (Swamp:4)
  6 adder zombies (Ossuary)
  3 dart slugs
  113 orcs
  8 endoplasms
  6 giant cockroaches
  8 goblins
  10 hobgoblins
  2 jackals (D:2)
  7 quokkas
  4 ball pythons
  7 bats
  5 frilled lizards
  A gnoll zombie (Ossuary)
  6 hobgoblin zombies (Ossuary)
  11 kobolds
  4 kobold zombies (Ossuary)
  3 orc zombies (Ossuary)
  9 rats
  3 fire vortices (D:10)
  A starspawn tentacle (Abyss:3)
2039 creatures vanquished.

Vanquished Creatures (collateral kills)
  A deep troll shaman (Depths:1)
  An iron troll (Depths:1)
2 creatures vanquished.

Vanquished Creatures (others)
  A tentacled monstrosity (Depths:3)
  A purple draconian (Depths:4)
  A hydra (Swamp:1)
  A two-headed ogre (D:8)
  A deep elf knight (Elf:2)
  A black mamba (Lair:4)
  A human (D:14)
  A bush (Lair:5)
  24 foxfires
  31 fungi
  82 plants
  3 starspawn tentacles (Abyss:3)
  A withered plant (Swamp:2)
149 creatures vanquished.

Grand Total: 2190 creatures vanquished

Notes
Turn   | Place    | Note
-------+----------+-------------------------------------------
     0 | D:1      | testman the Minotaur Hunter began the quest for the Orb.
     0 | D:1      | Reached XP level 1. HP: 18/18 MP: 0/0
   305 | D:1      | Reached XP level 2. HP: 24/25 MP: 1/1
   324 | D:1      | Reached skill level 3 in Fighting
   578 | D:1      | Reached skill level 5 in Bows
   578 | D:1      | Reached XP level 3. HP: 31/31 MP: 2/2
   602 | D:1      | Learned a level 2 spell: Blink
   611 | D:1      | Found a faded altar of an unknown god.
   614 | D:1      | Prayed at the altar of an unknown god.
   614 | D:1      | Became a worshipper of Ignis, the Dying Flame
  1068 | D:2      | You fall into a shaft and drop 1 floor!
  1076 | D:3      | Found a shimmering blue altar of Sif Muna.
  1449 | D:3      | Noticed a centaur
  1450 | D:3      | Noticed a black bear
  1451 | D:3      | Found a glowing golden altar of the Shining One.
  1451 | D:3      | Found a blossoming altar of Fedhas.
  1451 | D:3      | Found a transporter.
  1601 | D:2      | Reached skill level 4 in Fighting
  1601 | D:2      | Reached skill level 1 in Translocations
  1601 | D:2      | Reached XP level 4. HP: 26/40 MP: 3/3
  2082 | D:3      | Noticed Ijyb
  2093 | D:3      | Killed Ijyb
  2216 | D:3      | Found a burning altar of Makhleb.
  2249 | D:3      | Found a transporter.
  2646 | D:4      | Noticed a sky beast
  2662 | D:4      | Killed a sky beast
  2663 | D:4      | Reached XP level 5. HP: 47/47 MP: 4/4
  2714 | D:4      | Reached skill level 5 in Fighting
  2714 | D:4      | Reached XP level 6. HP: 54/56 MP: 5/5
  2766 | D:4      | Found a glowing silver altar of Zin.
  2834 | D:4      | Found a hazy altar of Hepliaklqana.
  3013 | D:4      | Noticed Pikel
  3027 | D:4      | Killed Pikel
  3028 | D:4      | Reached skill level 6 in Fighting
  3028 | D:4      | Reached XP level 7. HP: 48/64 MP: 6/6
  3149 | D:4      | Found a staircase to the Ecumenical Temple.
  3403 | D:4      | Found a sacrificial altar of Ru.
  3562 | D:5      | Entered Level 5 of the Dungeon
  3580 | D:5      | Found a sand-covered staircase.
  3588 | Ossuary  | Entered an ossuary
  3665 | Ossuary  | Reached XP level 8. HP: 67/71 MP: 8/8
  3674 | Ossuary  | Reached skill level 1 in Spellcasting
  3755 | Ossuary  | Reached skill level 7 in Fighting
  4411 | D:5      | Learned a level 3 spell: Portal Projectile
  4414 | D:5      | Reached skill level 8 in Fighting
  4720 | D:6      | Noticed Edmund
  4734 | D:5      | Killed Edmund
  4962 | D:6      | Reached skill level 1 in Hexes
  5053 | D:6      | Reached XP level 9. HP: 53/82 MP: 9/9
  5688 | D:6      | Found Siaff's Gadget Gallery.
  6114 | D:7      | Reached skill level 5 in Translocations
  6142 | D:7      | Found a radiant altar of Vehumet.
  6241 | D:7      | Reached skill level 9 in Fighting
  6574 | D:7      | Found Adexoip's Armour Boutique.
  6583 | D:7      | Reached skill level 10 in Bows
  6614 | D:7      | Bought a +1 pair of boots of flying for 181 gold pieces
  6699 | D:7      | Reached skill level 10 in Fighting
  7385 | D:8      | Reached XP level 10. HP: 19/94 MP: 10/10
  7529 | D:8      | Found a runed translucent door.
  7545 | D:8      | Found a basalt altar of Yredelemnul.
  7792 | D:8      | Found a flagged portal.
  7813 | Bailey   | Entered a bailey
  7871 | Bailey   | Noticed an orc knight
  7959 | Bailey   | Killed an orc knight
  7960 | Bailey   | Reached skill level 11 in Fighting
  8146 | Bailey   | Noticed an orc knight
  8170 | Bailey   | Killed an orc knight
  8202 | Bailey   | Noticed an orc knight
  8264 | Bailey   | Killed an orc knight
  8285 | Bailey   | Noticed an orange demon
  8393 | Bailey   | Reached skill level 12 in Fighting
  8686 | Bailey   | Noticed an orc knight
  8835 | Bailey   | Found an iron altar of Okawaru.
  8869 | Bailey   | Killed an orc knight
  8907 | Bailey   | Noticed an orange demon
  8919 | Bailey   | Gained mutation: Armour fits poorly on your strangely
                  | shaped body. [a neqoxec]
  8920 | Bailey   | Noticed a smoke demon
  9346 | D:8      | Found an iron altar of Okawaru.
  9415 | D:8      | Noticed Maggie
  9427 | D:8      | Killed Maggie
  9627 | D:8      | Reached XP level 11. HP: 106/106 MP: 11/11
  9765 | D:8      | Found a staircase to the Lair.
 10225 | D:9      | Paralysed by a hornet for 3 turns
 10231 | D:9      | Reached skill level 13 in Fighting
 10252 | D:9      | HP: 4/160 [orc priest/divine providence (13)]
 10701 | D:9      | Noticed a two-headed ogre
 11020 | D:8      | Killed a two-headed ogre
 11702 | D:9      | Found a staircase to the Orcish Mines.
 11809 | D:9      | Acquired the +7 longbow of Resourcefulness {freeze, rC+
                  | Will+++ Int-2 Stlth+}
 12323 | D:9      | Noticed a wizard
 12326 | D:9      | Killed a wizard
 12426 | D:9      | Found an ornate altar of the Wu Jian Council.
 12517 | D:10     | Entered Level 10 of the Dungeon
 12996 | D:10     | Reached skill level 14 in Fighting
 13142 | D:10     | Identified the +1 robe of the Swamp {Will- Int+6}
 13626 | D:11     | Noticed a centaur warrior
 13632 | D:11     | Killed a centaur warrior
 13633 | D:11     | Reached XP level 12. HP: 63/118 MP: 12/12
 14716 | D:11     | Noticed a five-headed hydra
 14719 | D:11     | Killed a five-headed hydra
 15021 | D:12     | Noticed a two-headed ogre
 15024 | D:12     | Killed a two-headed ogre
 15025 | D:12     | Reached skill level 15 in Fighting
 15054 | D:12     | Noticed a two-headed ogre
 15077 | D:12     | Killed a two-headed ogre
 15562 | D:12     | Noticed a two-headed ogre
 15566 | D:12     | Killed a two-headed ogre
 15784 | D:13     | Found a gate leading to a gauntlet.
 15810 | Gauntlet | Entered a Gauntlet
 15810 | Gauntlet | Found a transporter.
 15810 | Gauntlet | Found a transporter.
 15810 | Gauntlet | Found a runed translucent gate.
 15810 | Gauntlet | Found a runed translucent gate.
 15811 | Gauntlet | Noticed a death scarab
 15838 | Gauntlet | Found a runed translucent gate.
 15850 | Gauntlet | Found a transporter.
 15868 | Gauntlet | Found a transporter.
 15868 | Gauntlet | Found a transporter.
 15871 | Gauntlet | Found a transporter.
 15871 | Gauntlet | Found a transporter.
 15872 | Gauntlet | Found a transporter.
 15872 | Gauntlet | Noticed a death yak
 15872 | Gauntlet | Noticed a blizzard demon
 15873 | Gauntlet | Noticed a death yak
 15873 | Gauntlet | Noticed a death yak
 15873 | Gauntlet | Noticed a death yak
 15894 | Gauntlet | Found a transporter.
 15899 | Gauntlet | Found the brooch of Shielding {Spirit SH+8}
 15901 | Gauntlet | Found a transporter.
 15902 | Gauntlet | Noticed a death yak
 15903 | Gauntlet | Noticed a death yak
 15911 | Gauntlet | Found a transporter.
 15912 | Gauntlet | Noticed a green death
 15928 | Gauntlet | Found a transporter.
 15946 | Gauntlet | Found a transporter.
 15961 | Gauntlet | Found a transporter.
 16071 | Gauntlet | Identified the +1 pair of gloves "Wiryalal" {rC+ rCorr
                  | SInv}
 16114 | Gauntlet | Noticed a death scarab
 16221 | Gauntlet | Killed a blizzard demon
 16222 | Gauntlet | Reached skill level 15 in Bows
 16228 | Gauntlet | Identified the +3 cloak of Repulsion {rF+++ Str+4 Dex-5
                  | Slay+3}
 16252 | Gauntlet | Noticed a minotaur
 16271 | Gauntlet | Killed a minotaur
 16648 | D:13     | Found a runed translucent gate.
 16649 | D:13     | Found a runed translucent gate.
 16650 | D:13     | Found a runed translucent gate.
 16651 | D:13     | Noticed a merfolk impaler
 16651 | D:13     | Noticed a centaur warrior
 16651 | D:13     | Noticed a centaur warrior
 16652 | D:13     | Noticed a centaur warrior
 16653 | D:13     | Noticed Wipuing's ghost (journeyman MiBe)
 16654 | D:13     | Noticed a merfolk impaler
 16690 | D:13     | Noticed a two-headed ogre
 16692 | D:13     | Killed a two-headed ogre
 16803 | D:13     | Reached skill level 16 in Fighting
 16804 | D:13     | Reached XP level 13. HP: 117/128 MP: 13/13
 17651 | D:13     | Found an iron altar of Okawaru.
 18186 | D:14     | Noticed Frances
 18679 | Lair:1   | Entered Level 1 of the Lair of Beasts
 19029 | Lair:1   | Found a transporter.
 19045 | Lair:1   | Found a transporter.
 19047 | Lair:1   | Noticed mathmaestro's ghost (journeyman TrMo)
 19323 | Lair:2   | Found a staircase to the Swamp.
 19332 | Lair:2   | You are sucked into a shaft and drop 1 floor!
 19657 | Lair:3   | Learned a level 4 spell: Passage of Golubria
 20255 | Lair:2   | Reached skill level 17 in Fighting
 20923 | Lair:4   | Found a staircase to the Snake Pit.
 20936 | Lair:4   | Reached XP level 14. HP: 116/140 MP: 14/14
 21599 | Lair:4   | Reached skill level 5 in Dodging
 22182 | Lair:5   | Found a staircase to the Slime Pits.
 22939 | Lair:5   | Identified the +7 great mace "Stringbean" {chaos, rPois rC+
                  | rN+}
 23177 | Lair:5   | Reached skill level 18 in Fighting
 23632 | Lair:6   | Entered Level 6 of the Lair of Beasts
 24599 | Lair:6   | Reached XP level 15. HP: 148/150 MP: 15/15
 25106 | Lair:6   | Reached skill level 1 in Armour
 25180 | Lair:6   | Reached skill level 1 in Evocations
 25189 | Lair:6   | Reached skill level 19 in Fighting
 25430 | Lair:6   | Found a corrupted altar of Lugonu.
 25430 | Lair:6   | Found a one-way gate to the infinite horrors of the Abyss.
 25636 | Orc:1    | Entered Level 1 of the Orcish Mines
 26139 | Orc:2    | Entered Level 2 of the Orcish Mines
 26139 | Orc:2    | Found a staircase to the Elven Halls.
 26169 | Orc:2    | Noticed Snorg
 26177 | Orc:2    | Killed Snorg
 26973 | Orc:2    | Noticed Erolcha
 26977 | Orc:2    | Killed Erolcha
 27022 | Orc:2    | Found Xoqam's Assorted Antiques.
 27336 | Orc:2    | Found Ocwinau's Antique Weapon Emporium.
 27394 | Orc:2    | Found Xemad's Jewellery Boutique.
 27965 | Orc:2    | Found Weeson's Antique Armour Shoppe.
 27969 | Orc:2    | Found Unkyezau's Antique Weapon Emporium.
 28237 | Orc:2    | Upgraded the game from 0.29-a0-231-g945431f764 to
                  | 0.29-a0-234-g0dae59b3db
 29170 | D:12     | Killed Wipuing's ghost
 29418 | D:13     | Reached skill level 10 in Dodging
 29681 | D:13     | Got the Compendium of Ignition and the Frostbite
 30634 | D:14     | Found a gate to the Vaults.
 30760 | D:14     | Found a portal to a secret trove of treasure.
 30980 | D:15     | Entered Level 15 of the Dungeon
 31155 | D:15     | Noticed Azrael
 31183 | D:15     | Killed Azrael
 31331 | D:15     | Identified the +0 pair of gloves "Byisuy" {rElec rN+}
 31444 | D:15     | Reached XP level 16. HP: 162/162 MP: 16/16
 31594 | D:15     | Reached skill level 5 in Evocations
 31853 | D:15     | Reached skill level 20 in Fighting
 31886 | D:15     | Found a staircase to the Depths.
 32526 | Temple   | Entered the Ecumenical Temple
 32810 | D:4      | Fell from the grace of Ignis
 32810 | D:4      | Became a worshipper of Zin the Law-Giver
 32810 | D:4      | Reached * piety under Zin
 32810 | D:4      | Reached ** piety under Zin
 33023 | Lair:1   | Killed mathmaestro's ghost
 33149 | Lair:1   | You are sucked into a shaft and drop 1 floor!
 33715 | Swamp:1  | Entered Level 1 of the Swamp
 33823 | Swamp:1  | Reached *** piety under Zin
 35602 | Swamp:2  | Noticed a tentacled monstrosity
 35610 | Swamp:2  | Killed a tentacled monstrosity
 35664 | Swamp:2  | Reached **** piety under Zin
 35874 | Swamp:2  | Found a runed translucent gate.
 35874 | Swamp:2  | Found a runed translucent gate.
 35874 | Swamp:2  | Found a runed translucent gate.
 35875 | Swamp:2  | Noticed HuGe's ghost (journeyman MiBe)
 35876 | Swamp:2  | Noticed siradein's ghost (adept TrFi)
 35876 | Swamp:2  | Noticed mcwallace's ghost (adept TeSu)
 35876 | Swamp:2  | Noticed Qunad's ghost (adept SpEn)
 35948 | Swamp:2  | Identified the +0 robe of Spring Thaw {Harm Regen+}
 36077 | Swamp:2  | Killed Qunad's ghost
 36332 | Swamp:2  | Got Sif Muna's Incunabulum of Glory
 36350 | Swamp:2  | Got the Grimoire of Damaging Evil Secrets
 36576 | D:14     | You paid a toll of 7 potions of haste to enter a treasure
                  | trove
 36577 | Trove    | Entered a treasure trove
 36582 | Trove    | Found the +8 storm bow {elec, penet}
 36586 | Trove    | Identified the ring of Nost {rF+ rC+ Int+6 Stlth+}
 36588 | Trove    | Identified the +1 cloak of the Sacrificial Victim {Str+3}
 36599 | Trove    | Reached ***** piety under Zin
 36602 | Trove    | Identified the ring "Plog" {rF+ rN+ Str+2 SInv}
 36885 | Swamp:2  | Killed HuGe's ghost
 36947 | Swamp:2  | Killed mcwallace's ghost
 37250 | Swamp:3  | Reached skill level 1 in Invocations
 37664 | Swamp:2  | Killed siradein's ghost
 38432 | Swamp:4  | Entered Level 4 of the Swamp
 38542 | Swamp:4  | Reached ****** piety under Zin
 38545 | Swamp:4  | Lost mutation: Armour fits poorly on your strangely shaped
                  | body. [potion of mutation]
 38606 | Swamp:4  | Reached XP level 17. HP: 156/172 MP: 16/18
 38673 | Swamp:4  | Got a decaying rune of Zot
 39164 | Swamp:4  | Reached skill level 21 in Fighting
 39452 | Snake:1  | Entered Level 1 of the Snake Pit
 40183 | Snake:1  | Noticed Aizul
 40584 | Lair:4   | Killed Aizul
 41152 | Snake:1  | Reached skill level 5 in Armour
 41406 | Snake:2  | Noticed Jorgrun
 41412 | Snake:2  | Reached skill level 5 in Invocations
 41421 | Snake:2  | Killed Jorgrun
 41443 | Snake:2  | You are sucked into a shaft and drop 1 floor!
 41507 | Snake:2  | Was forgiven by Ignis
 44837 | Snake:3  | Found Wasuonuk's Armour Emporium.
 44837 | Snake:3  | Found Bamoibad's Jewellery Shoppe.
 44838 | Snake:3  | Found Etajamn's Magic Scroll Emporium.
 44840 | Snake:3  | Found Vomy's Antique Armour Shoppe.
 44842 | Snake:3  | Bought a scroll of blinking for 135 gold pieces
 44856 | Snake:3  | Reached XP level 18. HP: 167/184 MP: 22/22
 45547 | Snake:4  | Entered Level 4 of the Snake Pit
 45547 | Snake:4  | Noticed Roxanne
 45580 | Snake:4  | Noticed Louise
 45664 | Snake:3  | Killed Louise
 46336 | Snake:4  | Reached skill level 22 in Fighting
 46740 | Snake:4  | Noticed Vashnia
 47655 | Snake:4  | Killed Vashnia
 49022 | Snake:4  | Got a serpentine rune of Zot
 49595 | Snake:4  | Reached skill level 10 in Armour
 49909 | Snake:4  | Killed Roxanne
 50245 | D:13     | Killed Frances
 50355 | Vaults:1 | Entered Level 1 of the Vaults
 51745 | Vaults:1 | Reached XP level 19. HP: 162/193 MP: 21/25
 52442 | Vaults:1 | Reached skill level 23 in Fighting
 53288 | Vaults:2 | Reached skill level 10 in Invocations
 53697 | Vaults:2 | Learned a level 1 spell: Apportation
 54043 | Vaults:2 | Noticed Mennas
 55012 | Vaults:3 | Acquired 649 gold pieces
 55422 | Vaults:3 | Found a staircase to the Crypt.
 55565 | Vaults:3 | Reached XP level 20. HP: 119/205 MP: 25/27
 57105 | Vaults:4 | Reached skill level 24 in Fighting
 58861 | Vaults:4 | Found Marif's Distillery.
 59214 | Vaults:4 | Bought a potion of heal wounds for 85 gold pieces
 59776 | Depths:1 | Entered Level 1 of the Depths
 59978 | Depths:1 | Found a glowing golden altar of the Shining One.
 60099 | Depths:1 | Found a one-way gate leading to the halls of Pandemonium.
 60193 | Depths:1 | Noticed a juggernaut
 61171 | Depths:1 | Noticed a golden dragon
 61175 | Depths:1 | Reached XP level 21. HP: 193/215 MP: 29/29
 61182 | Depths:1 | Killed a juggernaut
 61182 | Depths:1 | Killed a golden dragon
 61183 | Depths:1 | Reached skill level 15 in Armour
 61501 | Depths:1 | Found a gateway to Hell.
 61876 | Depths:1 | Acquired 946 gold pieces
 62711 | Depths:2 | Noticed Saint Roka
 62722 | Depths:2 | Killed Saint Roka
 62860 | Depths:2 | Reached skill level 25 in Fighting
 62928 | Depths:2 | Noticed Sojobo
 62996 | Depths:2 | Found the +0 staff of Battle
 63002 | Depths:2 | Killed Sojobo
 64314 | Depths:2 | Noticed krigyl's ghost (adept HOWz)
 64326 | Depths:2 | Learned a level 1 spell: Slow
 64328 | Depths:2 | Found a runed translucent gate.
 64328 | Depths:2 | Found a runed translucent gate.
 64328 | Depths:2 | Found a runed translucent gate.
 64653 | Depths:2 | Killed krigyl's ghost
 65519 | Depths:3 | Noticed a caustic shrike
 65537 | Depths:3 | Killed a caustic shrike
 66135 | Depths:3 | Reached XP level 22. HP: 111/226 MP: 31/31
 67047 | Depths:3 | Identified the +4 short sword "Rupluosch" {chaos, Contam
                  | rPois rC+}
 67251 | Depths:3 | Identified the +1 scale mail of Impressiveness {Stlth+}
 67720 | Depths:4 | Entered Level 4 of the Depths
 68377 | Depths:4 | Noticed a golden dragon
 68394 | Depths:4 | Killed a golden dragon
 68739 | Depths:4 | Found a gate to the Realm of Zot.
 68871 | Depths:4 | Found a one-way gateway to a ziggurat.
 69111 | Depths:4 | Identified the ring "Iwish" {Contam rF+ Dex+3 Slay+6 SInv}
 69388 | Elf:1    | Entered Level 1 of the Elven Halls
 69795 | Elf:1    | Reached skill level 26 in Fighting
 69800 | Elf:1    | Reached skill level 15 in Invocations
 70113 | Elf:1    | Cast into level 3 of the Abyss (a deep elf sorcerer)
 70126 | Abyss:3  | Found a corrupted altar of Lugonu.
 70421 | Abyss:3  | Paralysed by an air elemental for 1 turns
 70500 | Abyss:3  | Paralysed by accursed screaming for 1 turns
 70588 | Elf:1    | Escaped the Abyss
 70910 | Elf:1    | Noticed Donald
 70928 | Elf:1    | Killed Donald
 71292 | Elf:2    | Acquired 294 gold pieces
 71468 | Elf:2    | Reached skill level 15 in Dodging
 71501 | Elf:2    | Found Qustreru's Weapon Shoppe.
 71621 | Elf:2    | Bought 6 boomerangs of dispersal for 108 gold pieces
 71840 | Elf:2    | Found a runed translucent gate.
 71841 | Elf:2    | Found a runed translucent gate.
 71841 | Elf:2    | Found a runed translucent gate.
 72056 | Elf:3    | Entered Level 3 of the Elven Halls
 72127 | Elf:3    | Reached XP level 23. HP: 202/237 MP: 30/33
 72662 | Elf:3    | Found a frozen archway.
 72675 | IceCv    | Entered an ice cave
 72781 | IceCv    | Found the +3 pair of gauntlets of War {Slay+5}
 73365 | IceCv    | Found the +6 arbalest "Damnation" {damnation}
 73699 | Elf:3    | Identified the +1 trident "Taruto" {vorpal, rPois}
 74247 | Elf:3    | Identified the +5 quarterstaff "Yfah" {holy, Str-4 Int+5}
 74325 | Elf:3    | Identified the +2 pair of gloves of Sandy Wonder {rPois
                  | Regen+ Str-5 Int-3}
 74331 | Elf:3    | Got the Disquisition on Dusty Dark Arts
 74343 | Elf:3    | Identified the +0 plate armour "Forget-Me-Not" {MP+9}
 75083 | Vaults:5 | Entered Level 5 of the Vaults
 75488 | Vaults:5 | Noticed a dread lich
 75492 | Vaults:5 | Paralysed by a dread lich for 6 turns
 75511 | Vaults:4 | Paralysed by a dread lich for 4 turns
 75912 | Vaults:4 | Paralysed by a dread lich for 5 turns
 75918 | Vaults:4 | Paralysed by a dread lich for 5 turns
 75923 | Vaults:4 | HP: 5/216 [frost giant/bolt of cold (22)]
 75923 | Vaults:4 | Mangled by a hell beast

Illustrated notes

Levels and vault maps discovered:
D:1:      lemuel_arrival_lava_pool, layout_basic,
          hellmonk_ecumenical_altar_defaced_shrine
D:2:      layout_rooms, grunt_ministairs_7
D:3:      layout_basic, mainiacjoe_overflow_24_doors, bloody_makhleb,
          gammafunk_temple_overflow_arena, uniq_ijyb
D:4:      layout_loops_ring, worldfamousw_hep_ancestral_shrine,
          mainiacjoe_overflow_alcove_2, zin_treasury,
          minmay_temple_entry_statues_fountains, minmay_surrounded, uniq_pikel
D:5:      layout_rooms, nicolae_ossuary_entry_plus, minivault_4
D:6:      layout_basic, minmay_misc_feat_roman, nicolae_shop_gadgets,
          uniq_edmund
D:7:      layout_basic, vehumet_crystals, serial_shops, nicolae_shop_waterfront,
          serial_glass, glass_columns_a, glass_columns_a, glass_columns_a,
          glass_columns_a, glass_columns_a
D:8:      layout_loops_corners, mainiacjoe_overflow_paths,
          dk_yredelemnul_ordeal, lair_entry_dummy, enter_bailey_6, uniq_maggie
D:9:      layout_cave_pools, pdpol_wu_jian_five_deadly_venoms, erik_orc_4,
          st_stairs_8, minmay_librarian
D:10:     layout_gridville, hangedman_incinerator
D:11:     layout_loops_ring, serial_co_window_serial,
          co_window_of_opportunity_a, co_window_corner_a, co_window_paths_a,
          co_window_paths_b, co_window_corner_a, co_window_of_opportunity_b,
          co_window_corner_b, co_window_broadway_c, co_window_2corner,
          co_window_sun, co_window_paths_e, glass_columns_b, glass_columns_b,
          glass_columns_b, glass_columns_a
D:12:     layout_loops_ring
D:13:     layout_stronghold, gammafunk_ghost_fury_of_okawaru,
          gauntlet_entry_generic
D:14:     layout_cave_pools, ximxim_vaults_locker_room, hangedman_glass_teeth,
          trove_entry_hex_spiral, uniq_frances
D:15:     hangedman_depths_entry_try_elsewhere_first, layout_long_grid,
          uniq_azrael
Temple:   minmay_temple_curvy_loop
Lair:1:   layout_misc_corridors, nzn_ghost_randoct
Lair:2:   layout_chaotic_city, skrybe_swamp_entry_bodies
Lair:3:   layout_chaotic_city, grunt_megastairs_3
Lair:4:   layout_regular_city, minmay_snake_entry_six_corridors
Lair:5:   regret_index_wax_grids, layout_cave_pods, slime_dummy, serial_forest,
          infiniplex_forest_clump_diagonal, infiniplex_forest_lined_room_2,
          infiniplex_forest_straight_2, infiniplex_forest_lined_3,
          infiniplex_forest_straight_2, infiniplex_forest_clump_diagonal,
          fungi_pond_lemuel, serial_bayou_shore_a
Lair:6:   hellmonk_lair_end_abyssal_woods, layout_cellular_growth,
          grunt_megastairs_1
Swamp:1:  layout_basic_swamp, evilmike_swamp_ruin_house_3, swamp_pool1,
          nicolae_swamp_little_swirl
Swamp:2:  cheibrodos_swamp_monstrosity, layout_basic_swamp,
          gammafunk_ghost_cemetery, evilmike_swamp_ruin_house_4
Swamp:3:  layout_basic_swamp, evilmike_swamp_ruin_rubble_1, swamp_pool1,
          st_swamp_ruins_1
Swamp:4:  swamp_icy, layout_basic_swamp, infiniplex_staircase_pool
Snake:1:  layout_gridlike, minmay_snake_pond, uniq_aizul
Snake:2:  layout_chambers, uniq_jorgrun
Snake:3:  layout_misc_corridors, nrook_guardian_serpent_ordinary,
          minmay_shoptagon
Snake:4:  snake_pit, layout_chambers, uniq_vashnia, uniq_louise, uniq_roxanne
Orc:1:    layout_caves, serial_shops, basic_altar
Orc:2:    grunt_orc_community_town_hall, layout_diamond_mine,
          grunt_orc_community_big_house_1, grunt_orc_community_big_house_2,
          grunt_orc_community_house_3, grunt_orc_community_house_1,
          grunt_orc_community_house_2, grunt_orc_community_house_2,
          serial_shops, shop, nicolae_orc_bridge_out, minmay_orc_temple_b,
          uniq_snorg, uniq_erolcha
Elf:1:    eino_elf_arrival_sip, layout_onion_city, hangedman_elf_represent,
          nicolae_elf_glass_and_crystal_pillar_1,
          nicolae_elf_free_trip_to_the_abyss, uniq_donald
Elf:2:    nicolae_elf_blades_crystal_corner, layout_loops_ring, serial_shops,
          nicolae_diamond_shop, minmay_misc_feat_pillars, lemuel_flame_loot_1
Elf:3:    elf_hall, layout_gridlike, portal_ice_cave_entry_pillars_four
Vaults:1: nicolae_vaults_mini_display_case, ontoclasm_vaults_twist,
          vaults_room_hallway, nicolae_vaults_rhombus_6, v_misc_27,
          vaults_dpeg_spiral, vaults_room_large_hall, v_misc_13, v_misc_29,
          hangedman_vaults_slice, layout_vaults_ring
Vaults:2: nicolae_vaults_network_periphery, v_misc_8,
          hangedman_vaults_corner_blocks, v_misc_29, vaults_dpeg_doors,
          hangedman_vaults_capsules, vaults_standard_mumra_x, serial_ice_m,
          layout_vaults_maze_bifur, uniq_mennas
Vaults:3: ontoclasm_vaults_ring_small, v_pattern_5,
          hangedman_vaults_corner_blocks, ontoclasm_vaults_eye,
          minmay_crypt_entry_simple_statues, vaults_mumra_minichess,
          vaults_dpeg_encased_lava, v_misc_17, ontoclasm_vaults_ring_small,
          ontoclasm_vaults_gateway, nicolae_vaults_back_hallway,
          layout_vaults_chaotic_city
Vaults:4: nicolae_vaults_network_star, nicolae_vaults_little_ls,
          nicolae_vaults_twisting_passages, nicolae_vaults_ninety_degrees,
          ontoclasm_vaults_bender, v_misc_17, vaults_mumra_chevron_long,
          vaults_room_semicircle, nicolae_vaults_diagonal_hallway_7,
          vaults_room_corners, vaults_mumra_hexcomb,
          hangedman_vaults_stretched_pinwheel, v_misc_11, layout_vaults_omnibox,
          serial_shops, nicolae_shop_statue_plus
Vaults:5
Depths:1: minmay_quantized_circle, layout_honeycomb,
          nicolae_tso_swordbearing_angel, grunt_hell_entry_dis_grunt, pan_entry
Depths:2: minmay_tri_box, layout_gridville, rand_demon_pan_entry_5,
          pf_hell_entry_tar_river, gammafunk_ghost_split, uniq_saint_roka,
          uniq_sojobo
Depths:3: hangedman_pleasuredromes, abyss_entry, hell_entry
Depths:4: grunt_zot_entry_gee_three, layout_cave_pools, enter_ziggurat_c,
          rand_demon_pan_entry_4, lightli_too_deep, abyss_entry_crystal,
          uniq_margery

Skill      XL: |  1  2  3  4  5  6  7  8  9 10 11 12 13 14 15 16 17 18 19 20 21 22 23 |
---------------+----------------------------------------------------------------------+-----
Fighting       | 3 4 5 6 8 10 12 14 16 17 18 19 20 21 22 23 24 25 26 | 26.7
Bows           | 5 6 7 8 10 12 13 15 16 17 18 19 20 21 22 23 24 25 | 25.1
Translocations | 1 2 3 4 5 7 8 9 |  9.0
Spellcasting   | 1 |  1.0
Hexes          | 1 2 4 |  4.0
Dodging        | 4 8 10 12 13 15 16 | 16.0
Armour         | 2 7 10 12 14 16 17 18 | 18.6
Evocations     | 4 7 |  7.0
Invocations    | 2 6 9 11 12 14 15 16 | 16.1
Stealth        | |  0.7

Action                   |  1- 3 |  4- 6 |  7- 9 | 10-12 | 13-15 | 16-18 | 19-21 | 22-24 || total
-------------------------+-------+-------+-------+-------+-------+-------+-------+-------++-------
Melee: Shortbow          |       |     1 |       |     1 |       |       |       |       ||     2
       Headbutt          |       |     1 |       |       |       |       |       |       ||     1
 Fire: Shortbow          |   114 |    87 |   445 |   560 |       |       |       |       ||  1206
       Longbow           |       |       |       |   301 |  1364 |  1868 |  1592 |  1140 ||  6265
 Cast: Portal Projectile |       |       |       |     2 |     4 |     1 |       |       ||     7
       Blink             |       |       |       |     7 |    13 |    42 |    32 |    19 ||   113
       Passage of Golubr |       |       |       |       |     3 |     5 |     3 |       ||    11
Invok: Fiery Armour      |       |     1 |     2 |     2 |     2 |       |       |       ||     7
       Foxfire Swarm     |       |       |       |     1 |     1 |       |       |       ||     2
       Rising Flame      |       |       |       |     1 |       |       |       |       ||     1
       Vitalisation      |       |       |       |       |       |     8 |     6 |     8 ||    22
       Recite            |       |       |       |       |       |    14 |    34 |    17 ||    65
       Sanctuary         |       |       |       |       |       |       |       |     1 ||     1
Evoke: Wand              |       |     1 |       |       |       |       |       |       ||     1
  Use: Scroll            |       |       |     9 |     8 |    10 |     3 |     8 |    10 ||    48
       Potion            |       |       |       |     8 |     3 |     5 |     1 |     3 ||    20
Armor: Leather armour    |     5 |     9 |       |       |       |       |       |       ||    14
       Robe              |       |       |    76 |    86 |   167 |   103 |       |       ||   432
       Skin              |       |       |       |    25 |       |       |     1 |       ||    26
       Ice dragon scales |       |       |       |       |       |   142 |   329 |   220 ||   691
Dodge: Dodged            |    37 |    22 |   122 |   179 |   326 |   429 |   383 |   314 ||  1812
Block: Other             |       |     5 |    41 |    71 |   136 |   146 |   158 |    90 ||   647
       Reflection        |       |       |       |     8 |    19 |    29 |    21 |    14 ||    91

Table legend: (Time is in decaauts)
 A = Elapsed time spent in this place.
 B = Non-inter-level travel time spent in this place.
 C = Inter-level travel time spent in this place.
 D = Time resting spent in this place.
 E = Time spent auto-exploring this place.
 F = Levels seen in this place.
 G = Mean time per level.
                   A        B        C        D        E       F      G
               +--------+--------+--------+--------+--------+-----+--------+
         Total |  75360 |  70632 |   4728 |  25703 |  32495 |  50 | 1507.2 |
       Dungeon |  22510 |  20121 |   2389 |   6473 |  10799 |  15 | 1500.7 |
        Temple |    210 |    186 |     24 |      0 |    183 |   1 |  210.0 |
          Lair |   8199 |   7519 |    680 |   1539 |   4741 |   6 | 1366.5 |
         Swamp |   5169 |   4750 |    419 |   2110 |   1733 |   4 | 1292.2 |
     Snake Pit |   9843 |   9670 |    173 |   4590 |   3565 |   4 | 2460.8 |
  Orcish Mines |   2629 |   2575 |     54 |   1006 |   1069 |   2 | 1314.5 |
   Elven Halls |   3993 |   3767 |    226 |    834 |   2152 |   3 | 1331.0 |
        Vaults |   9841 |   9272 |    569 |   4405 |   3430 |   5 | 1968.2 |
        Depths |   8949 |   8757 |    192 |   3736 |   3395 |   4 | 2237.2 |
         Abyss |    447 |    447 |      0 |      0 |     25 |   1 |  447.0 |
         Trove |     54 |     54 |      0 |      0 |      5 |   1 |   54.0 |
       Ossuary |    330 |    330 |      0 |     45 |    139 |   1 |  330.0 |
        Bailey |   1443 |   1443 |      0 |    336 |    616 |   1 | 1443.0 |
      Ice Cave |    924 |    924 |      0 |    222 |    479 |   1 |  924.0 |
      Gauntlet |    813 |    813 |      0 |    402 |    164 |   1 |  813.0 |
               +--------+--------+--------+--------+--------+-----+--------+

Top non-repeatable levels by time:
 Snake:2: 3273 daAuts
 Snake:4: 3040 daAuts
Depths:2: 3028 daAuts
Vaults:3: 2976 daAuts
     D:8: 2886 daAuts
Vaults:1: 2827 daAuts
 Snake:3: 2508 daAuts
Vaults:4: 2478 daAuts
    D:13: 2396 daAuts
Depths:3: 2279 daAuts
Depths:1: 2171 daAuts
  Lair:4: 2143 daAuts
   Orc:2: 2017 daAuts
    D:12: 2006 daAuts
    D:11: 1993 daAuts
